 Dungeon Crawl Stone Soup version 0.22-a0-301-gf0fe05c (webtiles) character file.

15572 Amnesiac the Destroyer (level 12, -3/70 HPs)
             Began as a Deep Elf Wizard on Mar 26, 2018.
             Was a High Priest of Sif Muna.
             Slain by a two-headed ogre
             ... wielding a +0 giant club
              (6 damage)
             ... on level 1 of the Orcish Mines.
             The game lasted 00:29:48 (13266 turns).

Amnesiac the Destroyer (Deep Elf Wizard)           Turns: 13266, Time: 00:29:49

Health: -3/70      AC:  9    Str:  4    XL:     12   Next: 2%
Magic:  1/30       EV: 15    Int: 31    God:    Sif Muna [*****.]
Gold:   798        SH:  0    Dex: 13    Spells: 14/36 levels left

rFire    . . .     SeeInvis .   a - staff of energy
rCold    . . .     Gourm    +   (no shield)
rNeg     + . .     Faith    .   F - +0 robe of Magic {MR+ Regen+ Int+2}
rPois    .         Spirit   .   f - +2 helmet
rElec    .         Reflect  .   B - +1 cloak
rCorr    .         Harm     .   A - +0 pair of gloves
MR       ++...                  k - +0 pair of boots
Stlth    ++........             r - amulet of the gourmand
HPRegen  0.61/turn              L - ring of positive energy
MPRegen  0.22/turn              (no ring)

@: no casting
A: no striking features
a: Stop Divine Energy, Channel Magic, Forget Spell, Renounce Religion


You were on level 1 of the Orcish Mines.
You worshipped Sif Muna.
Sif Muna was extremely pleased with you.
You were completely stuffed.

You visited 3 branches of the dungeon, and saw 13 of its levels.
You also visited: Ossuary.

You collected 856 gold pieces.
You spent 58 gold pieces at shops.

Inventory:

Hand Weapons
 b - the +1 falchion of the Battered Allies {pain, MR+ Dex+4}
   (You found it on level 8 of the Dungeon)

   In the hands of one skilled in necromantic magic, it inflicts extra damage on
   living creatures.
   It affects your dexterity (+4).
   It affects your resistance to hostile enchantments.
 j - a +2 dagger of freezing
 v - a +0 dagger of venom
 w - a +4 blowgun
Armour
 f - a +2 helmet (worn)
 k - a +0 pair of boots (worn)
 q - a +0 shield
 A - a +0 pair of gloves (worn)
 B - a +1 cloak (worn)
 F - the +0 robe of Magic (worn) {MR+ Regen+ Int+2}
   (You found it on level 7 of the Dungeon)

   It affects your intelligence (+2).
   It affects your resistance to hostile enchantments.
   It increases your rate of regeneration.
Magical Staves
 a - an uncursed staff of energy (weapon)
Jewellery
 r - an amulet of the gourmand (around neck)
 L - a ring of positive energy (left hand)
Wands
 i - a wand of iceblast (10)
 s - a wand of polymorph (12)
 y - a wand of enslavement (25)
 H - a wand of flame (31)
Scrolls
 e - 3 scrolls of magic mapping {!r}
 m - 6 scrolls of fog {!r}
 o - 6 scrolls of teleportation {!r}
 t - 8 scrolls of remove curse {!r}
 D - a scroll of enchant armour {!r}
 I - a scroll of identify {!r}
 N - a scroll of brand weapon {!r}
Potions
 c - a potion of agility {!q}
 g - a potion of berserk rage {!q}
 h - a potion of might {!q}
 l - 2 potions of brilliance {!q}
 n - 7 potions of haste {!q}
 p - 4 potions of cancellation {!q}
 u - a potion of lignification {!q}
 x - 2 potions of flight {!q}
 C - 2 potions of heal wounds {!q}
 G - 2 potions of curing {!q}
 J - a potion of resistance {!q}
 K - 3 potions of ambrosia {!q}
Comestibles
 d - 27 rations
 E - 4 chunks of flesh


   Skills:
 * Level 6.2 Fighting
 + Level 6.2 Dodging
 - Level 2.4 Stealth
 - Level 12.5 Spellcasting
 - Level 13.5 Conjurations
 - Level 1.1 Summonings
 - Level 1.1 Translocations
 - Level 8.5 Invocations


You had 14 spell levels left.
You knew the following spells:

 Your Spells              Type           Power        Failure   Level  Hunger
a - Iskenderun's Mystic   Conj           #######.     1%          4    None
b - Call Imp              Summ           ####....     2%          2    None
c - Magic Dart            Conj           ####         0%          1    None
d - Orb of Destruction    Conj           #######...   9%          7    None
e - Mephitic Cloud        Conj/Pois/Air  #####...     1%          3    None
s - Conjure Flame         Conj/Fire      ######..     1%          3    None
v - Blink                 Tloc           N/A          2%          2    None


Dungeon Overview and Level Annotations

Branches:
Dungeon (11/15)            Temple (1/1) D:5            Lair (0/6) D:10
    Orc (1/2) D:9

Altars:
Ashenzari
Cheibriados
Dithmenos
Elyvilon
Fedhas
Gozag
Hepliaklqana
Kikubaaqudgha
Makhleb
Nemelex Xobeh
Okawaru
Qazlal
Ru
Sif Muna
Trog
Uskayaw
Vehumet
Wu Jian
Xom
Yredelemnul
Zin
The Shining One

Shops:
D:5 :   D:6 [

Annotations:
Orc:1 Torious's ghost, journeyman DECj


Message History

Torious's ghost is heavily damaged.
The orb of energy explodes!
You hear a shout! x3
Casting: Iskenderun's Mystic Blast (safe; 1% risk of failure)
Confirm with . or Enter, or press ? or * to list all spells.
Aiming: Iskenderun's Mystic Blast (safe; 1% risk of failure)
Press: ? - help, Shift-Dir - straight line, f/p - Torious's ghost
Aim: Torious's ghost (heavily damaged)
The orb of energy hits Torious's ghost.
Torious's ghost is heavily damaged.
The orb of energy explodes!
You hear a shout! x5
Casting: Iskenderun's Mystic Blast (safe; 1% risk of failure)
Confirm with . or Enter, or press ? or * to list all spells.
Aiming: Iskenderun's Mystic Blast (safe; 1% risk of failure)
Press: ? - help, Shift-Dir - straight line, f/p - Torious's ghost
Aim: Torious's ghost (heavily damaged)
The orb of energy misses Torious's ghost.
Torious's ghost barely misses you.
An orc comes into view. It is wielding a hand axe.
Casting: Iskenderun's Mystic Blast (safe; 1% risk of failure)
Confirm with . or Enter, or press ? or * to list all spells.
Aiming: Iskenderun's Mystic Blast (safe; 1% risk of failure)
Press: ? - help, Shift-Dir - straight line, f/p - Torious's ghost
Aim: Torious's ghost (heavily damaged)
The orb of energy hits Torious's ghost.
Torious's ghost is almost destroyed.
The orb of energy explodes!
You hear a shout!
Torious's ghost hits you.
Casting: Iskenderun's Mystic Blast (safe; 1% risk of failure)
Confirm with . or Enter, or press ? or * to list all spells.
Aiming: Iskenderun's Mystic Blast (safe; 1% risk of failure)
Press: ? - help, Shift-Dir - straight line, f/p - Torious's ghost
Aim: Torious's ghost (almost destroyed)
The orb of energy hits Torious's ghost.
Torious's ghost is almost destroyed.
The orb of energy explodes!
You hear a shout!
Torious's ghost points at you and mumbles some strange words.
The orb of energy hits you!
The orb of energy explodes!
You hear a shout!
Some of the chunks of flesh in your inventory have rotted away.
An orc comes into view. It is wielding a flail.
Casting: Iskenderun's Mystic Blast (safe; 1% risk of failure)
Confirm with . or Enter, or press ? or * to list all spells.
Aiming: Iskenderun's Mystic Blast (safe; 1% risk of failure)
Press: ? - help, Shift-Dir - straight line, f/p - Torious's ghost
Aim: Torious's ghost (almost destroyed)
The orb of energy hits Torious's ghost.
Torious's ghost is almost destroyed.
The orb of energy explodes!
Sif Muna grants you divine energy.
You briefly lose access to your magic!
You hear a shout!
Torious's ghost hits you.
* * * LOW HITPOINT WARNING * * *
An orc warrior comes into view. It is wielding an enchanted battleaxe.
Torious's ghost launches a ball of destructive magic.
The wavering orb of destruction weakly hits you!
* * * LOW HITPOINT WARNING * * *
The two-headed ogre misses you.
The two-headed ogre hits you with a giant club.
You die...

... ........
#.. .......
.... ......
..$.. #$.>.
.....##...
.........#
.........#
......O@.#
....#.#W.......
# # #o......#
.#.....## .
....o# ..
....#o. ..
#.### . ... ..


You could see a two-headed ogre, an orc warrior, Torious's ghost and 2 orcs.

Vanquished Creatures
  A hydra (D:11)
  3 two-headed ogres
  An orc knight (D:11)
  A cyclops (D:11)
  2 ugly things (D:11)
  A gargoyle (D:8)
  2 queen bees (D:9)
  2 hornets (D:10)
  3 trolls
  2 hippogriffs
  11 yaks
  Eustachio (D:6)
  Edmund (D:5)
  A water moccasin (D:8)
  3 sky beasts
  9 orc warriors
  A phantom (D:3)
  2 ice beasts
  A necrophage (D:6)
  2 black bears (D:9)
  6 ogres
  3 centaurs
  A crocodile (D:10)
  3 bullfrogs
  An elf zombie (Ossuary)
  2 wyvern zombies
  A water moccasin skeleton (D:11)
  5 scorpions
  39 killer bees
  A wight (D:2)
  3 howler monkeys (D:11)
  3 crimson imps
  10 centaur zombies
  3 quasits
  9 hounds
  2 human zombies (Ossuary)
  4 jellies
  Crazy Yiuf (D:6)
  10 orc priests
  A centaur skeleton (D:8)
  10 orc wizards
  4 iguanas
  9 worker ants
  3 hound zombies
  3 mummies (Ossuary)
  A worker ant zombie (D:6)
  10 gnolls
  10 adders
  3 adder skeletons
  An adder zombie (D:8)
  5 worms
  5 dart slugs
  4 leopard geckos
  79 orcs
  A ball python (D:2)
  7 bats
  9 giant cockroaches
  9 goblins
  3 hobgoblins
  12 jackals
  5 quokkas
  5 frilled lizards
  5 kobolds
  2 leopard gecko skeletons
  A quokka skeleton (D:9)
  3 rats
  3 butterflies (D:11)
370 creatures vanquished.

Vanquished Creatures (collateral kills)
  A gnoll (D:3)
  An orc (D:4)
2 creatures vanquished.

Vanquished Creatures (others)
  An orc wizard (D:9)
1 creature vanquished.

Grand Total: 373 creatures vanquished

Notes
Turn   | Place    | Note
-------+----------+-------------------------------------------
     0 | D:1      | Amnesiac the Deep Elf Wizard began the quest for the Orb.
     0 | D:1      | Reached XP level 1. HP: 10/10 MP: 7/7
   348 | D:1      | Reached XP level 2. HP: 16/16 MP: 7/9
   352 | D:1      | Learned a level 2 spell: Blink
   355 | D:1      | Learned a level 2 spell: Call Imp
   368 | D:1      | Reached skill level 2 in Conjurations
   863 | D:2      | Noticed a wight
   962 | D:2      | Reached skill level 1 in Fighting
  1156 | D:3      | Reached XP level 3. HP: 20/20 MP: 6/11
  1161 | D:3      | Learned a level 3 spell: Conjure Flame
  1165 | D:3      | Learned a level 3 spell: Mephitic Cloud
  1207 | D:3      | Found a shadowy altar of Dithmenos.
  1282 | D:3      | Reached skill level 3 in Conjurations
  1917 | D:2      | Reached XP level 4. HP: 26/26 MP: 4/12
  2019 | D:3      | Reached skill level 4 in Conjurations
  2379 | D:3      | Reached XP level 5. HP: 31/31 MP: 1/13
  2652 | D:4      | Found a bloodstained altar of Trog.
  2854 | D:5      | Entered Level 5 of the Dungeon
  3167 | D:4      | Noticed a phantom
  3173 | D:4      | Reached XP level 6. HP: 33/37 MP: 1/14
  3788 | D:4      | Reached XP level 7. HP: 44/44 MP: 4/15
  4068 | D:5      | Found a staircase to the Ecumenical Temple.
  4105 | Temple   | Entered the Ecumenical Temple
  4330 | Temple   | Became a worshipper of Sif Muna the Loreminder
  4393 | D:5      | Reached skill level 5 in Fighting
  4393 | D:5      | Reached skill level 5 in Dodging
  4587 | D:5      | Reached skill level 5 in Spellcasting
  4674 | D:5      | Noticed Edmund
  4695 | D:5      | Killed Edmund
  5171 | D:5      | Reached XP level 8. HP: 38/49 MP: 2/21
  5192 | D:5      | Reached * piety under Sif Muna
  5376 | D:5      | Found Sieneine's Book Emporium.
  5387 | D:5      | Learned a level 4 spell: Iskenderun's Mystic Blast
  5673 | D:6      | Reached skill level 5 in Conjurations
  5743 | D:6      | Reached skill level 6 in Conjurations
  5825 | D:6      | Noticed Eustachio
  5837 | D:6      | Killed Eustachio
  5888 | D:6      | Reached skill level 7 in Conjurations
  5925 | D:6      | Found Cogetz's Armour Shoppe.
  5948 | D:6      | Reached ** piety under Sif Muna
  5972 | D:6      | Bought a +0 pair of gloves for 58 gold pieces
  6235 | D:6      | Found a runed door.
  6334 | D:6      | Noticed Crazy Yiuf
  6335 | D:6      | Killed Crazy Yiuf
  6479 | D:7      | Got an ichor-stained robe
  6489 | D:7      | Reached skill level 8 in Conjurations
  6737 | D:7      | Reached XP level 9. HP: 54/54 MP: 2/23
  7019 | D:7      | Reached skill level 9 in Conjurations
  7287 | D:8      | Found a sand-covered staircase.
  7332 | D:8      | Got a brightly glowing falchion
  7334 | D:8      | Identified the cursed +1 falchion of the Battered Allies {pain, MR+ Dex+4} (You found it on level 8 of the Dungeon)
  7407 | D:8      | Noticed a two-headed ogre
  7470 | D:7      | Killed a two-headed ogre
  7470 | D:7      | Reached *** piety under Sif Muna
  7470 | D:7      | Reached skill level 10 in Conjurations
  7481 | D:8      | Noticed a gargoyle
  7635 | Ossuary  | Entered an ossuary
  7904 | Ossuary  | Reached skill level 10 in Spellcasting
  8293 | D:8      | Reached skill level 11 in Conjurations
  8338 | D:8      | Reached XP level 10. HP: 59/59 MP: 0/26
  8502 | D:8      | Reached **** piety under Sif Muna
  8562 | D:8      | Killed a gargoyle
  8574 | D:8      | Found a burning altar of Makhleb.
  8602 | D:8      | Found a hide-covered altar of Uskayaw.
  8604 | D:8      | Found a sparkling altar of Nemelex Xobeh.
  8805 | D:9      | Identified the cursed +0 robe of Magic {MR+ Regen+ Int+2} (You found it on level 7 of the Dungeon)
  9043 | D:9      | Reached skill level 12 in Conjurations
  9219 | D:9      | Reached ***** piety under Sif Muna
  9219 | D:9      | Identified Upsopuc's Handbook of Displacement and Conjuration (Sif Muna gifted it to you on level 9 of the Dungeon)
  9219 | D:9      | Received a gift from Sif Muna
  9270 | D:9      | Learned a level 7 spell: Orb of Destruction
  9289 | D:9      | Found a staircase to the Orcish Mines.
  9944 | D:9      | Reached skill level 13 in Conjurations
 10312 | D:9      | Reached XP level 11. HP: 63/63 MP: 10/29
 10433 | D:10     | Entered Level 10 of the Dungeon
 10688 | D:10     | Found a staircase to the Lair.
 10954 | D:10     | Reached skill level 1 in Invocations
 11874 | D:11     | Noticed a green ugly thing
 11878 | D:11     | Killed a green ugly thing
 11878 | D:11     | Reached skill level 5 in Invocations
 11968 | D:11     | Noticed a two-headed ogre
 11970 | D:11     | Killed a two-headed ogre
 11972 | D:11     | Noticed a two-headed ogre
 11975 | D:11     | Killed a two-headed ogre
 12417 | D:11     | Noticed a red ugly thing
 12432 | D:11     | Killed a red ugly thing
 12597 | D:11     | Noticed a seven-headed hydra
 12604 | D:11     | Killed a seven-headed hydra
 12739 | D:11     | Found a runed door.
 12740 | D:11     | Noticed an orc knight
 12755 | D:11     | Found a runed door.
 12758 | D:11     | Killed an orc knight
 13032 | D:11     | Reached XP level 12. HP: 70/70 MP: 17/30
 13258 | Orc:1    | Entered Level 1 of the Orcish Mines
 13258 | Orc:1    | Noticed Torious's ghost (journeyman DECj)
 13260 | Orc:1    | Noticed a two-headed ogre
 13266 | Orc:1    | HP: 3/70 [disintegration (32)]
 13266 | Orc:1    | Slain by a two-headed ogre

Vault maps used:
D:1:      lemuel_arrival_river_bridge
D:2:      minmay_door_path
D:3:      grunt_dithmenos_smoke_and_mirrors
D:4:      bloody_trog
D:5:      minmay_temple_entry_junction_2, first_ration, serial_shops, shop,
          uniq_edmund
D:6:      serial_shops, nicolae_shop_competitors_out_of_business,
          uniq_crazy_yiuf_cottage, uniq_eustachio
D:8:      kennysheep_mini_moat, chequers_temple_overflow_statue_of_worship,
          nicolae_ossuary_entry_plus
D:9:      hiddenorc2_lemuel, david_nohive_1
D:10:     lair_entry_dummy
D:11:     lemuel_insect_pit, special_room
Temple:   dpeg_five_rooms_temple
Ossuary:  ossuary_minmay_four_chambers

Skill      XL: |  1  2  3  4  5  6  7  8  9 10 11 |
---------------+----------------------------------+-----
Conjurations   | 2 3 4 8 11 13 | 13.5
Fighting       | 1 2 3 4 5 6 |  6.2
Dodging        | 3 4 5 6 |  6.2
Spellcasting   | 7 8 10 12 | 12.5
Invocations    | 8 |  8.5
Stealth        | |  2.4
Summonings     | |  1.1
Translocations | |  1.1

Action                   |  1- 3 |  4- 6 |  7- 9 | 10-12 || total
-------------------------+-------+-------+-------+-------++-------
Melee: Unarmed           |     5 |       |       |       ||     5
       Dagger            |     4 |    18 |    20 |       ||    42
       Falchion          |       |       |    11 |    96 ||   107
       Staff             |       |       |       |     9 ||     9
 Cast: Magic Dart        |   102 |   153 |    98 |     1 ||   354
       Call Imp          |     7 |     2 |       |       ||     9
       Mephitic Cloud    |     1 |     5 |     6 |       ||    12
       Conjure Flame     |     1 |     3 |     1 |       ||     5
       Iskenderun's Myst |       |       |   141 |   262 ||   403
       Blink             |       |       |     2 |     2 ||     4
       Orb of Destructio |       |       |       |    23 ||    23
Invok: Divine Energy     |       |       |     1 |       ||     1
  Use: Scroll            |     1 |     8 |    11 |     7 ||    27
       Potion            |       |       |       |     5 ||     5
 Stab: Confused          |       |     1 |     1 |       ||     2
       Sleeping          |       |       |     1 |       ||     1
       Distracted        |       |       |       |     2 ||     2
  Eat: Chunk             |     3 |     5 |    21 |    22 ||    51
       Ration            |       |       |     1 |       ||     1
Armor: Robe              |    32 |     4 |    24 |    78 ||   138
Dodge: Dodged            |    50 |    11 |    55 |   231 ||   347
       Rpst.: Falchion   |       |       |     8 |    63 ||    71

Table legend:
 A = Spawn XP
 B = Non-spawn XP
 C = Spawn XP percentage of total XP
 D = Spawn monster count
 E = Non-spawn monster count
 F = Spawn count percentage of total count
 G = Total turns spent on level
                    A         B        C        D         E        F      G
               +---------+---------+-------+---------+---------+-------+---------
         Total |       0 |   22246 |   0.0 |       0 |     369 |   0.0 | 13266
               +---------+---------+-------+---------+---------+-------+---------
           D:1 |       0 |      22 |   0.0 |       0 |      13 |   0.0 |   681
           D:2 |       0 |      85 |   0.0 |       0 |      14 |   0.0 |   843
           D:3 |       0 |     238 |   0.0 |       0 |      23 |   0.0 |  1368
           D:4 |       0 |     351 |   0.0 |       0 |      16 |   0.0 |   865
           D:5 |       0 |     832 |   0.0 |       0 |      30 |   0.0 |  1377
           D:6 |       0 |    1015 |   0.0 |       0 |      19 |   0.0 |  1030
           D:7 |       0 |    1742 |   0.0 |       0 |      31 |   0.0 |  1059
           D:8 |       0 |    1522 |   0.0 |       0 |      22 |   0.0 |   742
           D:9 |       0 |    4687 |   0.0 |       0 |      93 |   0.0 |  1644
          D:10 |       0 |    2568 |   0.0 |       0 |      29 |   0.0 |  1156
          D:11 |       0 |    8534 |   0.0 |       0 |      64 |   0.0 |  1571
       Ossuary |       0 |     650 |   0.0 |       0 |      15 |   0.0 |   644
               +---------+---------+-------+---------+---------+-------+---------
